 Dungeon Crawl Stone Soup version 0.29-a0-96-g93358da72b (webtiles) character file.

Game seed: 2587351300279763978

9531 dracfodder the Basher (level 11, -8/106 HPs)
             Began as a Gargoyle Berserker on Feb 11, 2022.
             Was a High Priest of Trog.
             Mangled by Snorg (14 damage)
             ... on level 10 of the Dungeon.
             The game lasted 00:42:42 (11165 turns).

dracfodder the Basher (Gargoyle Berserker)         Turns: 11165, Time: 00:42:43

Health: -8/106     AC: 18    Str: 26    XL:     11   Next: 47%
Magic:  11/11      EV: 12    Int:  7    God:    Trog [*****.]
Gold:   550        SH: 18    Dex: 15    Spells: 10/10 levels left

rFire   . . .      SeeInvis +   a - +5 flail (holy)
rCold   . . .      Faith    .   m - +2 kite shield {reflect}
rNeg    + . .      Spirit   .   k - +1 ring mail
rPois   ∞          Reflect  +   f - +2 helmet {SInv}
rElec   +          Harm     .   (no cloak)
rCorr   .          Rampage  .   (no gloves)
Will    .....                   (no boots)
Stlth   ..........              l - amulet of reflection
HPRegen 0.27/turn               r - ring of flight
MPRegen 0.12/turn               D - +6 ring of dexterity

@: berserking, flying, very quick
A: sickness immunity, AC +8, negative energy resistance 1, electricity
resistance, torment resistance 1, petrification resistance, sturdy frame 1
a: Renounce Religion, Berserk, Trog's Hand, Brothers in Arms


You were on level 10 of the Dungeon.
You worshipped Trog.
Trog was extremely pleased with you.
You visited 1 branch of the dungeon, and saw 10 of its levels.
You also visited: Sewer and Ossuary.

You collected 550 gold pieces.

Inventory:

Hand Weapons
 a - a +5 flail of holy wrath (weapon)
 b - a +5 hunting sling
 y - a +0 war axe of flaming
 C - a +4 flail of freezing
 J - a -1 antimagic spear
Missiles
 e - 252 stones (quivered)
 g - 201 arrows
 n - 113 sling bullets
 t - 6 boomerangs
 u - 3 atropa-tipped darts
 w - 13 poisoned darts
 x - 31 bolts
 z - 4 boomerangs of dispersal
Armour
 f - a +2 helmet of see invisible (worn)
 k - a +1 ring mail (worn)
 m - a +2 kite shield of reflection (worn)
Jewellery
 l - an amulet of reflection (around neck)
 o - a ring of protection from cold
 r - a ring of flight (left hand)
 D - a +6 ring of dexterity (right hand)
 I - a ring of ice
Wands
 q - a wand of polymorph (12)
 s - a wand of flame (10)
 F - a wand of mindburst (9)
 K - a wand of iceblast (12)
Scrolls
 d - a scroll of blinking
 h - 2 scrolls of fog
 j - 4 scrolls of teleportation
 B - a scroll of fear
Potions
 c - 7 potions of mutation
 i - 3 potions of curing
 p - a potion of ambrosia {unknown}
 v - 5 potions of heal wounds
 A - a potion of magic {unknown}
 E - a potion of haste
 L - a potion of berserk rage {unknown}
 M - 2 potions of might {unknown}


   Skills:
 * Level 9.5 Fighting
 + Level 10.0 Maces & Flails
 + Level 1.5 Slings
 + Level 5.7 Armour
 + Level 4.9 Dodging
 * Level 7.9 Stealth
 + Level 8.1 Shields


You had 10 spell levels left.
You didn't know any spells.
Your spell library was empty.

Dungeon Overview and Level Annotations

Branches:
Dungeon (10/15)            Temple (0/1) D:4            Lair (0/6) D:10
  Sewer (visited)         Ossuary (visited)
    Orc: D:9-12

Altars:
Gozag
Okawaru
Trog
Zin

Shops:
D:7 (   D:10 (

Annotations:
D:7 2 transporters, Zankyou's ghost, novice DEFE
D:10 Snorg


Innate Abilities, Weirdness & Mutations

You are immune to sickness and miasma.
Your stone body is resilient. (AC +8)
You are immune to poison.
You resist negative energy. (rN+)
You are resistant to electric shocks. (rElec)
You are resistant to unholy torment.
You are immune to petrification.
Your movements are slightly less encumbered by armour. (ER -2)


Message History

Snorg closely misses you. Snorg misses you. Snorg claws you but does no damage.
You closely miss Snorg.
Snorg is severely wounded.
You block Snorg's attack. Snorg completely misses you.
Snorg claws you but does no damage. You block Snorg's attack.
Snorg claws you but does no damage. Snorg closely misses you.
You barely miss Snorg.
Snorg is severely wounded.
You block Snorg's attack. x3
You barely miss Snorg.
Snorg is severely wounded.
You block Snorg's attack. Snorg claws you but does no damage.
You block Snorg's attack. Snorg bites you! You block Snorg's attack.
Snorg misses you.
You hit Snorg.
Snorg is severely wounded.
You block Snorg's attack. Snorg barely misses you. Snorg closely misses you.
Snorg bites you! You block Snorg's attack. Snorg claws you!
You are too injured to fight recklessly!
You are too injured to fight recklessly!
You are too injured to fight recklessly!
You barely miss Snorg.
Snorg is severely wounded.
You block Snorg's attack. Snorg claws you. You block Snorg's attack.
You sock Snorg!
Snorg is severely wounded.
Snorg bites you!
* * * LOW HITPOINT WARNING * * *
Snorg misses you. You block Snorg's attack. Snorg bites you.
* * * LOW HITPOINT WARNING * * *
You block Snorg's attack. x2
A red film seems to cover your vision as you go berserk!
You feel yourself moving faster!
You feel mighty! Snorg barely misses you. You block Snorg's attack. x2
You sock Snorg!
Snorg is almost dead.
Snorg bites you.
* * * LOW HITPOINT WARNING * * *
Snorg claws you!
You die...

......# ..###.#####
.## #.##..#
.####.##..###
...##.......##
...#####.#...##
...## #.#....###
...... #.##.....##
.........####.#.@#
.##>#...#####.##.T.#
.##......<....####(#
..##..........# (.#
.....#.........# (#
..##............. ..
.....##..#.....## #(
.### .## ..#...> ..
.###### #.#..D.


You could see Snorg (berserk).

Vanquished Creatures
  Erica (D:9)
  A centaur warrior (D:9)
  Nergalle (D:10)
  Joseph (D:10)
  A troll (D:10)
  A wraith (D:10)
  9 yaks
  Eustachio (D:5)
  Grum (D:8)
  4 vampire mosquitoes (D:10)
  Menkaure (D:4)
  2 acid dragons (D:9)
  A water moccasin (D:6)
  Duvessa (D:7)
  A sky beast (D:7)
  A black bear (D:8)
  2 necrophages (D:9)
  2 ogres
  4 wolves (D:8)
  3 centaurs
  An elf zombie (Ossuary)
  A gnoll sergeant (D:8)
  3 bullfrogs
  An elf skeleton (D:5)
  2 scorpions
  A wyvern zombie (D:6)
  Dowan (D:7)
  A water moccasin skeleton (D:4)
  18 wights
  12 killer bees
  6 electric eels (D:6)
  A bullfrog zombie (D:5)
  3 centaur zombies
  3 human zombies
  An orc priest (D:5)
  A gnoll shaman (D:8)
  A hound (D:6)
  3 human skeletons (D:5)
  Jessica (D:3)
  4 iguanas
  Terence (D:3)
  Natasha (thrice) (D:2)
  An orc wizard (D:5)
  2 killer bee zombies
  A hound zombie (Ossuary)
  5 mummies
  A howler monkey zombie (D:5)
  12 gnolls
  8 adders
  3 river rats
  A shadow imp (D:3)
  A white imp (D:6)
  2 adder skeletons (D:4)
  A worm (D:4)
  2 dart slugs
  6 orcs
  6 endoplasms
  A giant cockroach (D:2)
  2 gnoll zombies (Ossuary)
  8 goblins
  6 hobgoblins
  6 jackals
  A quokka (D:3)
  10 ball pythons
  9 bats
  7 frilled lizards
  A goblin zombie (Ossuary)
  A jackal zombie (Ossuary)
  8 kobolds
  A kobold zombie (Ossuary)
  4 orc skeletons (D:5)
  3 orc zombies
  12 rats
  2 rat zombies (Ossuary)
242 creatures vanquished.

Vanquished Creatures (others)
  Maurice (D:8)
  31 plants
  2 withered plants (D:9)
34 creatures vanquished.

Grand Total: 276 creatures vanquished

Notes
Turn   | Place    | Note
-------+----------+-------------------------------------------
     0 | D:1      | dracfodder the Gargoyle Berserker began the quest for the
                  | Orb.
     0 | D:1      | Reached XP level 1. HP: 14/14 MP: 1/1
   309 | D:1      | Reached XP level 2. HP: 8/20 MP: 2/2
  1532 | D:2      | Found a glowing silver altar of Zin.
  1732 | D:2      | Reached XP level 3. HP: 17/24 MP: 3/3
  1750 | D:2      | Noticed Natasha
  1762 | D:2      | Killed Natasha
  1911 | D:2      | Reached XP level 4. HP: 25/30 MP: 4/4
  1944 | D:2      | Reached ** piety under Trog
  2150 | D:2      | Noticed Natasha
  2159 | D:2      | Killed Natasha
  2160 | D:2      | Reached skill level 4 in Maces & Flails
  2274 | D:2      | Noticed Natasha
  2280 | D:2      | Killed Natasha
  2281 | D:2      | Reached XP level 5. HP: 34/34 MP: 5/5
  2371 | D:3      | Noticed Terence
  2386 | D:3      | Killed Terence
  2417 | D:3      | Reached skill level 1 in Slings
  2626 | D:3      | Noticed Jessica
  2647 | D:3      | Killed Jessica
  2648 | D:3      | Reached skill level 1 in Shields
  3167 | D:4      | Reached XP level 6. HP: 38/40 MP: 6/6
  3215 | D:4      | Found a staircase to the Ecumenical Temple.
  3228 | D:4      | Reached *** piety under Trog
  3323 | D:4      | Noticed Menkaure
  3332 | D:4      | Reached skill level 5 in Maces & Flails
  3334 | D:4      | Killed Menkaure
  3335 | D:4      | Reached skill level 5 in Fighting
  3335 | D:4      | Reached XP level 7. HP: 26/44 MP: 7/7
  3639 | D:4      | Found a glowing drain.
  3666 | Sewer    | Entered a sewer
  4617 | D:5      | Entered Level 5 of the Dungeon
  4622 | D:5      | Identified a scroll of acquirement
  4622 | D:5      | Acquired a +1 kite shield of reflection
  4699 | D:5      | Reached **** piety under Trog
  4786 | D:5      | Reached skill level 1 in Stealth
  4801 | D:5      | Reached skill level 6 in Maces & Flails
  4845 | D:5      | Reached XP level 8. HP: 46/51 MP: 8/8
  4857 | D:5      | Found a sand-covered staircase.
  4863 | Ossuary  | Entered an ossuary
  5161 | Ossuary  | Gained mutation: Your movements are slightly less
                  | encumbered by armour. (ER -2) [potion of mutation]
  5501 | D:5      | Noticed Eustachio
  5519 | D:5      | Killed Eustachio
  5843 | D:6      | Reached skill level 7 in Maces & Flails
  5858 | D:7      | Found Nikketay's Antique Weapon Shoppe.
  6028 | D:6      | Reached XP level 9. HP: 46/56 MP: 9/9
  6315 | D:6      | Found a bloodstained altar of Trog.
  6322 | D:6      | Reached ***** piety under Trog
  6462 | D:6      | Received a gift from Trog
  6702 | D:6      | Found an iron altar of Okawaru.
  7279 | D:8      | Reached skill level 8 in Maces & Flails
  7400 | D:7      | Reached skill level 5 in Shields
  7510 | D:7      | Found a bloodstained altar of Trog.
  7510 | D:7      | Noticed a moth of wrath
  7510 | D:7      | Noticed Zankyou's ghost (novice DEFE)
  7511 | D:7      | Noticed a two-headed ogre
  7517 | D:7      | Found a transporter.
  7522 | D:7      | Found a transporter.
  7539 | D:7      | Identified the +1 ring mail of Piuji {rPois}
  8051 | D:7      | Noticed Duvessa
  8051 | D:7      | Noticed Dowan
  8057 | D:7      | Killed Duvessa
  8063 | D:7      | Killed Dowan
  8572 | D:8      | Reached skill level 5 in Armour
  8572 | D:8      | Reached skill level 5 in Stealth
  8588 | D:8      | Reached XP level 10. HP: 42/64 MP: 10/10
  9211 | D:8      | Noticed Grum
  9235 | D:8      | Killed Grum
  9815 | D:8      | Noticed Maurice
  9833 | D:8      | Killed Maurice
  9834 | D:8      | Reached skill level 9 in Maces & Flails
 10098 | D:9      | Noticed a centaur warrior
 10116 | D:9      | Killed a centaur warrior
 10381 | D:10     | Entered Level 10 of the Dungeon
 10409 | D:9      | Noticed Erica
 10417 | D:9      | Killed Erica
 10418 | D:9      | Reached XP level 11. HP: 56/71 MP: 11/11
 10824 | D:10     | Noticed Nergalle
 10841 | D:10     | Killed Nergalle
 10897 | D:10     | Found a staircase to the Lair.
 11003 | D:10     | Found Futyek's Antique Weapon Emporium.
 11016 | D:10     | Found an opulent altar of Gozag.
 11079 | D:10     | Noticed Joseph
 11088 | D:10     | Killed Joseph
 11089 | D:10     | Reached skill level 10 in Maces & Flails
 11142 | D:10     | Noticed Snorg
 11165 | D:10     | Mangled by Snorg

Illustrated notes

Levels and vault maps discovered:
D:1:      minmay_arrival_nine_rooms, layout_loops_corners
D:2:      layout_loops_ring, basic_altar, chequers_big_river,
          minmay_pentomino_w4, uniq_natasha
D:3:      layout_loops_ring, minmay_randomly_rotated_circles, uniq_terence,
          uniq_jessica, uniq_grinder
D:4:      layout_loops_ring, minmay_temple_entry_grid,
          cheibrodos_sewer_entry_sluice, uniq_menkaure
D:5:      layout_rooms, nicolae_ossuary_entry_catacombs, kennysheep_nondescript,
          uniq_eustachio
D:6:      nicolae_cairo_tiling_very_big, layout_cave_pools, bloody_trog,
          kennysheep_okawaru_gauntlet, serial_bayou, serial_bayou_shore_a,
          serial_bayou_lagoon_b, serial_bayou_lagoon_a, serial_bayou_crossing
D:7:      layout_basic, gammafunk_ghost_wrathful_warriors, serial_aquarium,
          aquarium_bridge_straight [aquarium_subvault_bridge,
          aquarium_subvault_wall, aquarium_subvault_bridge,
          aquarium_subvault_window], aquarium_window_fake, aquarium_window_fake,
          aquarium_window_fake, aquarium_window_fake, aquarium_view_2c,
          aquarium_view_2c, aquarium_balcony_1a, aquarium_pool_four,
          minmay_stone_trees_large, minmay_statues_item, nicolae_stop_n_shop_2,
          minmay_misc_feat_ornament, uniq_duvessa
D:8:      layout_loops_cross, nicolae_figureground_sparkle, uniq_maurice,
          uniq_grum
D:9:      layout_basic, serial_undead, serial_undead_c, serial_undead_a,
          serial_undead_a, serial_undead_f, uniq_erica
D:10:     layout_rooms, mainiacjoe_overflow_paths, lair_entry_dummy,
          orc_0_dummy, serial_shops, shop, grunt_decor_resistance,
          uniq_nergalle, uniq_snorg, uniq_joseph

Skill      XL: |  1  2  3  4  5  6  7  8  9 10 11 |
---------------+----------------------------------+-----
Fighting       | 4 5 6 8 9 |  9.5
Maces & Flails | 4 5 6 7 8 9 10 | 10.0
Slings         | 1 |  1.5
Shields        | 2 4 5 7 8 |  8.1
Dodging        | 2 3 4 |  4.9
Armour         | 3 4 5 |  5.7
Stealth        | 1 3 5 7 |  7.9

Action                   |  1- 3 |  4- 6 |  7- 9 | 10-12 || total
-------------------------+-------+-------+-------+-------++-------
Melee: Mace              |    88 |    16 |       |       ||   104
       Flail             |       |    65 |   369 |   259 ||   693
       Punch             |       |       |     1 |       ||     1
 Fire: Hunting sling     |       |    15 |     3 |     4 ||    22
Invok: Berserk           |       |     1 |     3 |     4 ||     8
       Trog's Hand       |       |       |       |     1 ||     1
  Use: Scroll            |       |       |    15 |     6 ||    21
       Potion            |       |       |     2 |     1 ||     3
 Stab: Sleeping          |     1 |       |     5 |     4 ||    10
       Distracted        |       |       |       |     1 ||     1
Armor: Animal skin       |    11 |       |       |       ||    11
       Ring mail         |    27 |    32 |   184 |    94 ||   337
Dodge: Dodged            |    57 |    45 |   199 |   118 ||   419
Block: Other             |    17 |    19 |    20 |       ||    56
       Kite shield       |       |       |   271 |   311 ||   582
       Reflection        |       |       |     6 |     4 ||    10

Table legend: (Time is in decaauts)
 A = Elapsed time spent in this place.
 B = Non-inter-level travel time spent in this place.
 C = Inter-level travel time spent in this place.
 D = Time resting spent in this place.
 E = Time spent auto-exploring this place.
 F = Levels seen in this place.
 G = Mean time per level.
                   A        B        C        D        E       F      G
               +--------+--------+--------+--------+--------+-----+--------+
         Total |  11376 |  11197 |    179 |   2240 |   6203 |  12 |  948.0 |
       Dungeon |  10553 |  10374 |    179 |   2128 |   5835 |  10 | 1055.3 |
         Sewer |    502 |    502 |      0 |      0 |    365 |   1 |  502.0 |
       Ossuary |    320 |    320 |      0 |    112 |      3 |   1 |  320.0 |
               +--------+--------+--------+--------+--------+-----+--------+

Top non-repeatable levels by time:
     D:8: 1663 daAuts
     D:1: 1528 daAuts
     D:6: 1448 daAuts
     D:4: 1119 daAuts
     D:7: 1110 daAuts
     D:2: 883 daAuts
     D:9: 845 daAuts
     D:3: 808 daAuts
     D:5: 784 daAuts
   Sewer: 502 daAuts
    D:10: 359 daAuts
 Ossuary: 320 daAuts
